 Seeded DCSS version 0.29-a0-23-ga79f92ac9c (webtiles) character file.

Game seed: 10000000000011 (custom seed)

288 knot the Chopper (level 6, -3/70 HPs)
             Began as a Demonspawn Berserker on Jan 31, 2022.
             Was a Believer of Trog.
             Killed from afar by Dowan (11 damage)
             ... with a puff of flame
             ... on level 4 of the Dungeon.
             The game lasted 00:03:10 (3719 turns).

knot the Chopper (Demonspawn Berserker)             Turns: 3719, Time: 00:03:10

Health: -3/70      AC:  2    Str: 17    XL:     6   Next: 9%
Magic:  6/6        EV: 12    Int: 10    God:    Trog [**....]
Gold:   146        SH:  0    Dex: 13    Spells: 5/5 levels left

rFire   . . .      SeeInvis .   a - +0 hand axe
rCold   . . .      Faith    .   (no shield)
rNeg    . . .      Spirit   .   b - +0 animal skin
rPois   .          Reflect  .   (no helmet)
rElec   .          Harm     .   (no cloak)
rCorr   .          Rampage  .   (no gloves)
Will    .....                   (no boots)
Stlth   ..........              (no amulet)
HPRegen 0.21/turn               (no ring)
MPRegen 0.20/turn               (no ring)

@: berserking, very quick
A: magic regeneration, demonic touch 2
a: Renounce Religion, Berserk, Trog's Hand


You were on level 4 of the Dungeon.
You worshipped Trog.
Trog was pleased with you.
You visited 1 branch of the dungeon, and saw 4 of its levels.

You collected 146 gold pieces.

Inventory:

Hand Weapons
 a - a +0 hand axe (weapon)
Missiles
 f - 91 stones (quivered)
 i - 2 poisoned darts
 p - 4 boomerangs
Armour
 b - a +0 animal skin (worn)
Jewellery
 d - an amulet of reflection
Wands
 o - a wand of polymorph (2)
 q - a wand of charming (5)
Scrolls
 c - a scroll of amnesia {unknown}
 l - 2 scrolls of identify {unknown}
 m - 2 scrolls of blinking {unknown}
 n - a scroll of fog {unknown}
Potions
 e - a potion of curing {unknown}
 g - a potion of lignification {unknown}
 h - a potion of might {unknown}
 j - a potion of magic {unknown}
 k - a potion of heal wounds {unknown}


   Skills:
 - Level 3.0 Fighting
 + Level 6.3 Axes
 - Level 1.7 Armour
 - Level 1.7 Dodging


You had 5 spell levels left.
You didn't know any spells.
Your spell library contained the following spells:

 Spells                   Type           Power      Damage    Failure   Level
 Corpse Rot               Necr/Air       0%         N/A       50%         2
 Ensorcelled Hibernation  Hex/Ice        0%         N/A       50%         2
 Passwall                 Tmut/Erth      0%         N/A       50%         2
 Poisonous Vapours        Pois/Air       0%         N/A       50%         2
 Swiftness                Air            0%         N/A       75%         3


Dungeon Overview and Level Annotations

Branches:
Dungeon (4/15)             Temple (0/1) D:4

Altars:

Shops:
D:3 [

Annotations:
D:4 Dowan


Innate Abilities, Weirdness & Mutations

You regenerate magic rapidly.
Your touch may inflict irresistible damage on your foes.


Message History

Dowan blinks!
A scorpion comes into view.
Dowan zaps a wand.
The puff of flame hits you!
A red film seems to cover your vision as you go berserk!
You feel yourself moving faster!
You feel mighty! Dowan misses you.
You completely miss Dowan.
You touch Dowan.
Dowan is moderately wounded.
Dowan hits you with a +0 dagger.
You miss Dowan. Your touch misses Dowan.
Dowan is moderately wounded.
Dowan zaps a wand.
The puff of flame hits you!
You closely miss Dowan. Your touch misses Dowan.
Dowan is moderately wounded.
Dowan zaps a wand.
The puff of flame hits you!
You slash Dowan! Your touch misses Dowan.
Dowan is severely wounded.
Dowan zaps a wand.
The puff of flame hits you!
You are too injured to fight recklessly!
You are too injured to fight recklessly!
You are too injured to fight recklessly!
You are too injured to fight recklessly!
You barely miss Dowan.
Dowan is severely wounded.
Dowan zaps a wand.
The puff of flame hits you!
* * * LOW HITPOINT WARNING * * *
You closely miss Dowan.
Dowan is severely wounded.
Dowan casts a spell.
Dowan blinks!
Dowan zaps a wand.
The puff of flame hits you!
* * * LOW HITPOINT WARNING * * *
The scorpion barely misses you.
You slash the scorpion!
The scorpion is severely wounded.
Dowan casts a spell.
Dowan blinks!
The scorpion misses you.
You hit the scorpion.
The scorpion is almost dead.
Dowan zaps a wand.
The puff of flame hits you!
You die...

#...['.>.)....# ####.##
#.####⌠.⌠###### #.# #.#
###'### #.# # #.# ###.###
#.# ## #)# #.# #.##
.######## #.# #..#
.......######.## ##.##
..####.....#..#.####### #..#
#.#
##.##.....s@..e..#######.###
#.#
#.##.####.#####§....###(..#
#.#####.# #. #####..####.#
#.##....# #. ##....#..
#.....<.# #. ####....
####....# #. ##### #....# #.
#....# #. #....#


You could see Dowan (fast) and a scorpion.

Vanquished Creatures
  An ogre (D:3)
  An orc priest (D:4)
  A centaur skeleton (D:4)
  Ijyb (D:4)
  5 adders
  A river rat (D:4)
  2 orcs (D:4)
  6 endoplasms
  2 giant cockroaches
  5 goblins
  5 hobgoblins
  14 jackals
  A ball python (D:2)
  7 bats
  5 frilled lizards
  3 kobolds
  4 rats (D:1)
64 creatures vanquished.

Notes
Turn   | Place    | Note
-------+----------+-------------------------------------------
     0 | D:1      | knot the Demonspawn Berserker began the quest for the Orb.
     0 | D:1      | Reached XP level 1. HP: 18/18 MP: 1/1
   156 | D:1      | Reached skill level 3 in Axes
   220 | D:1      | Gained mutation: You regenerate magic rapidly. [demonic
                  | ancestry]
   220 | D:1      | Reached XP level 2. HP: 20/24 MP: 2/2
   670 | D:1      | Reached ** piety under Trog
   971 | D:2      | Gained mutation: Your touch may inflict minor irresistible
                  | damage on your foes. [demonic ancestry]
   971 | D:2      | Reached XP level 3. HP: 29/29 MP: 3/3
  1047 | D:2      | Reached skill level 4 in Axes
  1226 | D:2      | HP: 1/29 [poisoned by an adder]
  1683 | D:2      | Reached XP level 4. HP: 19/35 MP: 4/4
  2049 | D:3      | Noticed an ogre
  2054 | D:3      | Killed an ogre
  2055 | D:3      | Reached skill level 5 in Axes
  2055 | D:3      | Reached XP level 5. HP: 41/41 MP: 5/5
  2295 | D:3      | Found Daocsar's Antique Armour Emporium.
  2886 | D:4      | Found a staircase to the Ecumenical Temple.
  2917 | D:4      | Reached skill level 6 in Axes
  2971 | D:4      | Noticed Duvessa
  2971 | D:4      | Noticed Dowan
  2990 | D:4      | Noticed Duvessa
  2990 | D:4      | Duvessa changed into Duvessa the river rat
  3422 | D:4      | Killed Duvessa the river rat
  3601 | D:4      | Noticed Ijyb
  3614 | D:4      | Killed Ijyb
  3615 | D:4      | Gained mutation: Your touch may inflict irresistible damage
                  | on your foes. [demonic ancestry]
  3615 | D:4      | Reached XP level 6. HP: 47/47 MP: 6/6
  3719 | D:4      | Killed from afar by Dowan

Illustrated notes

Levels and vault maps discovered:
D:1:      lordsloth_arrival_two_stooges, layout_basic, grunt_decor_fettered,
          minmay_misc_feat_diagonals, nicolae_concentric_dashed_squares_wild
D:2:      layout_rooms, hangedman_decor_clover_reticule
D:3:      layout_basic, serial_shops, shop, kennysheep_path_1
D:4:      layout_rooms, temple_doors_e, uniq_duvessa, uniq_ijyb

Skill      XL: |  1  2  3  4  5 |
---------------+----------------+-----
Axes           | 3 4 5 6 |  6.3
Fighting       | |  3.0
Armour         | |  1.7
Dodging        | |  1.7

Action                   |  1- 3 |  4- 6 || total
-------------------------+-------+-------++-------
Melee: Hand axe          |   127 |    59 ||   186
       Touch             |     6 |    13 ||    19
       Punch             |     1 |       ||     1
Throw: Stone             |       |     1 ||     1
Invok: Berserk           |     2 |     5 ||     7
       Trog's Hand       |     1 |       ||     1
Evoke: Wand              |       |     6 ||     6
Armor: Animal skin       |    36 |     7 ||    43
Dodge: Dodged            |   119 |    43 ||   162

Table legend: (Time is in decaauts)
 A = Elapsed time spent in this place.
 B = Non-inter-level travel time spent in this place.
 C = Inter-level travel time spent in this place.
 D = Time resting spent in this place.
 E = Time spent auto-exploring this place.
 F = Levels seen in this place.
 G = Mean time per level.
                   A        B        C        D        E       F      G
               +--------+--------+--------+--------+--------+-----+--------+
         Total |   3789 |   3733 |     56 |   1497 |   1759 |   4 |  947.2 |
       Dungeon |   3789 |   3733 |     56 |   1497 |   1759 |   4 |  947.2 |
               +--------+--------+--------+--------+--------+-----+--------+

Top non-repeatable levels by time:
     D:3: 1298 daAuts
     D:2: 1005 daAuts
     D:1: 966 daAuts
     D:4: 518 daAuts
